 Dungeon Crawl Stone Soup version 0.26.1-2-gb8aa6d0cf2 (webtiles) character file.

Game seed: 3898613547230095529

256 FishyPogo the Digger (level 6, -1/32 HPs)
             Began as a Gargoyle Earth Elementalist on Mar 5, 2021.
             Was an Initiate of Vehumet.
             Slain by a goblin (5 damage)
             ... led by Robin
             ... on level 2 of the Dungeon.
             The game lasted 00:14:13 (2383 turns).

FishyPogo the Digger (Gargoyle Earth Elementalist)  Turns: 2383, Time: 00:14:15

Health: -1/32      AC:  6    Str: 11    XL:     6   Next: 15%
Magic:  1/3        EV:  8    Int: 18    God:    Vehumet [......]
Gold:   71         SH:  5    Dex: 10    Spells: 0/9 levels left

rFire    . . .     SeeInvis .   a - +3 scythe (antimagic)
rCold    . . .     Faith    .   (shield currently unavailable)
rNeg     + + .     Spirit   .   g - +0 robe (curse)
rPois    ∞         Reflect  +   i - +0 hat
rElec    +         Harm     .   (no cloak)
rCorr    .         Rampage  .   (no gloves)
Will     .....                  (no boots)
Stlth    ++........             k - amulet of reflection
HPRegen  0.10/turn              j - -4 ring of evasion (curse)
MPRegen  0.08/turn              n - ring of positive energy

@: no status effects
A: negative energy resistance 1, electricity resistance, unbreathing,
petrification resistance, miasma immunity, AC +4
a: Renounce Religion


You were on level 2 of the Dungeon.
You worshipped Vehumet.
Vehumet was noncommittal.
You visited 1 branch of the dungeon, and saw 2 of its levels.

You collected 71 gold pieces.

Inventory:

Hand Weapons
 a - a +3 antimagic scythe (weapon)
 m - a +0 dagger of protection
Missiles
 b - 69 stones
 h - 12 poisoned darts
Armour
 c - a +0 robe
 g - a cursed +0 robe (worn)
 i - a +0 hat (worn)
 l - a cursed +0 ring mail
Jewellery
 j - a cursed -4 ring of evasion (left hand)
 k - an amulet of reflection (around neck)
 n - a ring of positive energy (right hand)
 p - an uncursed ring of protection from fire
Scrolls
 d - a scroll of immolation
 o - a scroll of remove curse {unknown}
Potions
 e - a potion of flight {unknown}
 f - a potion of might {unknown}


   Skills:
 + Level 0.0 Fighting
 - Level 1.5 Dodging
 - Level 2.1 Stealth
 * Level 2.0 Spellcasting
 + Level 4.3 Conjurations
 + Level 0.8 Transmutations
 + Level 6.2 Earth Magic


You couldn't memorise any spells.
You knew the following spells:

 Your Spells              Type           Power        Failure   Level
a - Sandblast             Erth           48%          1%          1
b - Stone Arrow           Conj/Erth      40%          6%          3
c - Lee's Rapid Deconstr  Erth           12%          36%         5

Your spell library contained the following spells:

 Spells                   Type           Power        Failure   Level
 Passwall                 Tmut/Erth      11%          6%          2
 Petrify                  Tmut/Erth      14%          38%         4


Dungeon Overview and Level Annotations

Branches:
Dungeon (2/15)

Altars:
Elyvilon
Uskayaw
Vehumet

Annotations:
D:2 Robin


Innate Abilities, Weirdness & Mutations

You are resistant to torment.
Your stone body is resilient. (AC +4)
You are immune to poison.
You resist negative energy. (rN+)
You are resistant to electric shocks. (rElec)
You can survive without breathing.
You are immune to petrification.
You are immune to miasma.


Message History

The goblin shoots a stone.
The stone hits you but does no damage.
You see here a stone.
Reach: a) +3 scythe (antimagic)
Press: ? - help, Dir - move target, f - Robin
Aim: Robin, wielding a +0 falchion, wearing a +0 animal skin and wearing the +2 helmet of the Monk {rPois rF+ Dex+4} (moderately wounded)
You reach to attack!
You barely miss Robin.
Robin is moderately wounded.
Robin throws the goblin at you!
The goblin unwields a +2 vorpal hunting sling.
The goblin hits you.
* * * LOW HITPOINT WARNING * * *
You block the goblin's attack.
Unknown command.
You closely miss Robin.
Robin is moderately wounded.
Robin hits you with a +0 falchion.
* * * LOW HITPOINT WARNING * * *
The goblin hits you but does no damage. Robin completely misses you.
The goblin hits you.
You die...

######.....gg########
........g..g.##_##..#
###########g#
#...##..
#........##g#
####'#####
#.######.##.#
##.#...#.## #.#
#.##(###_.'.⌠.†._#
#.#
#.(†...##.#...#.##
#.#
#g#####.####'####. ..
#.# #@# #..##...###.
.# #.# #g#
#.####.###.# .#
###.######.# #.#
#.##.## .#
#..........#####.#
#..##.# .####
#.#######........#
#.#.##. .##.###.#
#.......#####.##...
.#.#.##.#
#..##.#.......###..
..###...#
#.....##.#.#### #..
.#.#..#.#
#..).###...######..


You could see Robin and a goblin (strong).

Vanquished Creatures
  Sigmund (D:2)
  2 adders (D:2)
  A gnoll (D:1)
  An ooze (D:2)
  A dart slug (D:2)
  3 leopard geckos
  5 giant cockroaches
  10 goblins
  12 hobgoblins
  A quokka (D:2)
  2 ball pythons
  4 bats (D:1)
  3 frilled lizards
  4 kobolds
  9 rats
59 creatures vanquished.

Notes
Turn   | Place    | Note
-------+----------+-------------------------------------------
     0 | D:1      | FishyPogo the Gargoyle Earth Elementalist began the quest
                  | for the Orb.
     0 | D:1      | Reached XP level 1. HP: 10/10 MP: 3/3
   305 | D:1      | Reached skill level 1 in Conjurations
   305 | D:1      | Reached skill level 4 in Earth Magic
   305 | D:1      | Reached XP level 2. HP: 15/15 MP: 0/5
   407 | D:1      | Reached XP level 3. HP: 10/19 MP: 6/6
   420 | D:1      | Learned a level 3 spell: Stone Arrow
  1182 | D:2      | Reached XP level 4. HP: 23/24 MP: 7/7
  1420 | D:2      | Noticed Sigmund
  1697 | D:2      | Reached skill level 5 in Earth Magic
  1986 | D:2      | Killed Sigmund
  1987 | D:2      | Reached skill level 6 in Earth Magic
  1987 | D:2      | Reached XP level 5. HP: 8/28 MP: 0/8
  1987 | D:2      | Reached XP level 6. HP: 9/32 MP: 0/9
  1993 | D:2      | Learned a level 5 spell: Lee's Rapid Deconstruction
  2289 | D:2      | Found a radiant altar of Vehumet.
  2297 | D:2      | Became a worshipper of Vehumet
  2302 | D:2      | Found a white marble altar of Elyvilon.
  2305 | D:2      | Found a hide-covered altar of Uskayaw.
  2356 | D:2      | Identified the +2 helmet of the Monk {rPois rF+ Dex+4}
  2356 | D:2      | Noticed Robin
  2383 | D:2      | Slain by a goblin

Illustrated notes

Levels and vault maps discovered:
D:1:      lightli_iron_boxes, layout_basic, minmay_3d_cube
D:2:      layout_loops_ring, grunt_temple_overflow_diamond, uniq_sigmund,
          uniq_robin

Skill      XL: |  1  2  3  4 |
---------------+-------------+-----
Conjurations   | 1 2 4 |  4.3
Earth Magic    | 4 6 |  6.2
Dodging        | |  1.5
Stealth        | |  2.1
Spellcasting   | |  2.0
Transmutations | |  0.8

Action                   |  1- 3 |  4- 6 || total
-------------------------+-------+-------++-------
Melee: Unarmed           |    19 |       ||    19
       Halberd           |   100 |    19 ||   119
       Dagger            |       |    12 ||    12
       Scythe            |       |    21 ||    21
 Cast: Sandblast         |    17 |    18 ||    35
       Stone Arrow       |     1 |       ||     1
  Use: Scroll            |     2 |       ||     2
 Stab: Sleeping          |     3 |     2 ||     5
Armor: Robe              |    51 |    38 ||    89
Dodge: Dodged            |    94 |    26 ||   120
Block: Other             |       |    11 ||    11
       Reflection        |       |     1 ||     1
